[Event "Late-Titled-Tuesday-Blitz-April-02-2024"]
[Site "Chess.com"]
[Date "2024.04.02"]
[Round "7"]
[White "N_I_Chess"]
[Black "Janh4"]
[Result "0-1"]
[WhiteElo "2343"]
[BlackElo "2179"]
[TimeControl "180+1"]
[EndTime "15:16:06 PDT"]
[Termination "Janh4 won on time"]

1. d4 d5 2. c4 Nc6 3. cxd5 Qxd5 4. e3 e5 5. Nc3 Bb4 6. Bd2 Bxc3 7. bxc3 Nf6 8. Qb3 Qd6 9. Ne2 O-O 10. f3 Re8 11.
Kf2 b6 12. Re1 Ba6 13. Ng3 Bxf1 14. Rhxf1 Na5 15. Qc2 c5 16. Kg1 Rac8 17. Qd3 g6 18.
Ne2 e4 19. fxe4 Nxe4 20. Rf4 Nxd2 21. Qxd2 Nc4 22. Qd3 Nxe3 23. Rf3 Ng4 24. g3 h5 25.
Ref1 Rc7 26. h3 Nh6 27. d5 Qe5 28. Nf4 Nf5 29. R1f2 Rd7 30. Re2 Qb8 31. Rff2 Rde7 32. Rxe7 Rxe7 33. Re2 Qd6 34. Rxe7 Qxe7 35. Kf2 Qd6 36.
c4 Kg7 0-1

[Event "Late-Titled-Tuesday-Blitz-April-02-2024"]
[Site "Chess.com"]
[Date "2024.04.02"]
[Round "7"]
[White "Resignify"]
[Black "elcala"]
[Result "1-0"]
[WhiteElo "2230"]
[BlackElo "1799"]
[TimeControl "180+1"]
[EndTime "15:16:12 PDT"]
[Termination "Resignify won on time"]

1. e4 d5 2. exd5 Qxd5 3. Nc3 Qd6 4. d4 Nf6 5. Bc4 a6 6. a4 Bg4 7. Nge2 Nc6 8. f3 Bh5 9. Bf4 Qd7 10. d5 Nb4 11. Qd2 Bg6 12. Bb3 O-O-O 13. Rd1 h6 14.
O-O Nh5 15. Be3 e6 16. Nf4 Nxf4 17. Bxf4 exd5 18. Nxd5 Nxd5 19. Qxd5 Qxd5 20. Rxd5 Rxd5 21.
Bxd5 Bc5+ 22. Kh1 f6 23. c3 Re8 24. Bc4 c6 25. h3 Bc2 26. a5 Rd8 27. Rc1 Bg6 28.
Kh2 Re8 29. Rd1 Bh7 30. Rd2 Bg8 31. Bxg8 Rxg8 32. Re2 Kd7 33. h4 Re8 34. Rd2+ Kc8 35.
h5 Rd8 36. Re2 Kd7 37. g4 Re8 38. Rd2+ Kc8 39. Kg3 Rd8 40. Re2 Kd7 41. b4 1-0

[Event "Late-Titled-Tuesday-Blitz-April-02-2024"]
[Site "Chess.com"]
[Date "2024.04.02"]
[Round "7"]
[White "ZachHKL"]
[Black "NovakRatko"]
[Result "1-0"]
[WhiteElo "2274"]
[BlackElo "2413"]
[TimeControl "180+1"]
[EndTime "15:16:13 PDT"]
[Termination "ZachHKL won on time"]

1. e4 d5 2. exd5 c6 3. dxc6 Nxc6 4. Nf3 e5 5. d3 Bc5 6. Be2 f5 7. O-O Nf6 8. Nc3 O-O 9. Re1 Ng4 10. Rf1 Qb6 11. Qe1 Nb4 12. Bd1 Bd7 13. a3 Na6 14. h3 Nxf2 15. Rxf2 Rae8 16. Kf1 Bxf2 17. Qxf2 Qg6 18.
Kg1 e4 19. Ne1 Bc6 20. Bf4 b6 21. Ne2 Nc5 22. d4 Ne6 23. c3 Nxf4 24. Nxf4 Qd6 25.
Bb3+ Kh8 26. h4 e3 27. Qg3 Re4 28. Ne2 f4 29. Qf3 Rxd4 30. Nxd4 Bxf3 31. Nexf3 Qd7 32. Ne6 Re8 33. Rd1 Qxd1+ 34. Bxd1 Rxe6 35. Be2 Rd6 36. Kf1 h6 37. Ke1 Rd5 38. Nd4 g5 39. hxg5 hxg5 40.
Bf3 Re5 41. Nc6 Rb5 42. b4 a5 43. c4 axb4 44. cxb5 bxa3 45. Bd5 Kg7 46. Nb8 Kf6 47.
Nd7+ Ke7 48. Nxb6 Kd6 49. Ba2 Kc5 50. Nd7+ Kxb5 51. Nf6 Kb4 52. Ne4 g4 53. Nf6 f3 54.
g3 Kc3 55. Nxg4 Kd3 56. Nf2+ exf2+ 57. Kxf2 1-0

[Event "Late-Titled-Tuesday-Blitz-April-02-2024"]
[Site "Chess.com"]
[Date "2024.04.02"]
[Round "7"]
[White "remyrushbrooke"]
[Black "Cambek64"]
[Result "0-1"]
[WhiteElo "2260"]
[BlackElo "2516"]
[TimeControl "180+1"]
[EndTime "15:16:14 PDT"]
[Termination "Cambek64 won on time"]

1. Nf3 d5 2. g3 Nf6 3. Bg2 c6 4. c4 Bf5 5. O-O e6 6. cxd5 cxd5 7. Qb3 Qb6 8. Qxb6 axb6 9. d3 Nc6 10. Nh4 Bg4 11.
Nc3 Bb4 12. h3 Bh5 13. g4 Bg6 14. Nxg6 hxg6 15. a3 Bc5 16. Bd2 Kd7 17. b4 Bd4 18. e3 Be5 19. d4 Bd6 20. Nb5 Be7 21. Rfc1 Rhc8 22. g5 Ne8 23. h4 Nd6 24. Nxd6 Bxd6 25. f4 Ne7 26. e4 Rxc1+ 27. Bxc1 Bxb4 28. Rb1 Ba5 29. Rb5 Rc8 30. Be3 Rc3 31. Bd2 Rxa3 32.
Bxa5 Rxa5 33. Rxb6 Kc7 34. Rb4 dxe4 35. Bxe4 Nd5 36. Bxd5 Rxd5 37. Kf2 b5 38. Ke3 Kb6 39. Ke4 Ka5 40. Rb1 Rd7 41. Ra1+ Kb6 42. Ra8 Rb7 43.
Kd3 Kc6 44. Kc3 Kd5 45. Rc8 Ke4 0-1

[Event "Late-Titled-Tuesday-Blitz-April-02-2024"]
[Site "Chess.com"]
[Date "2024.04.02"]
[Round "7"]
[White "Veleamater"]
[Black "vova-79"]
[Result "0-1"]
[WhiteElo "2414"]
[BlackElo "2564"]
[TimeControl "180+1"]
[EndTime "15:16:16 PDT"]
[Termination "vova-79 won by resignation"]

1. e4 e6 2. d4 d5 3. Nc3 dxe4 4. Nxe4 Nd7 5. Nf3 Ngf6 6. Nxf6+ Nxf6 7. Bd3 c5 8. dxc5 Bxc5 9. Bb5+ Ke7 10. Qe2 Bd7 11. O-O Bxb5 12. Qxb5 Qb6 13. Qe2 Rad8 14. Bg5 Rd5 15.
c3 Rhd8 16. b4 Bd6 17. Rad1 Bc7 18. Nd4 Be5 19. Be3 Qc7 20. Qd3 Bxh2+ 21. Kh1 Bf4 22. Rfe1 Ng4 23. Qe2 Nxe3 24. fxe3 Bg3 25. Rf1 Qe5 26. Qf3 Qh5+ 27. Qxh5 Rxh5+ 28. Kg1 Rhd5 29. Rf3 Be5 30. Rdf1 f6 31. R3f2 Rc8 32. Ne2 Rd3 33. Rc1 Rxe3 34. Rc2 Bxc3 35. Rf3 Rxf3 36. gxf3 Bd4+ 37.
Nxd4 Rxc2 38. Nxc2 Kd6 39. Kf2 Kd5 40. Ke2 Kc4 41. Kd2 h5 42. f4 g5 43. a3 gxf4 44.
Ne1 e5 45. Nd3 h4 46. Nc5 h3 47. Ne4 h2 48. Nf2 f5 49. Kc2 e4 0-1

[Event "Late-Titled-Tuesday-Blitz-April-02-2024"]
[Site "Chess.com"]
[Date "2024.04.02"]
[Round "7"]
[White "ansko1999"]
[Black "combidharma"]
[Result "0-1"]
[WhiteElo "2625"]
[BlackElo "2851"]
[TimeControl "180+1"]
[EndTime "15:16:17 PDT"]
[Termination "combidharma won on time"]

1. c4 Nf6 2. d4 g6 3. g3 Bg7 4. Bg2 O-O 5. Nf3 d6 6. Nc3 Nc6 7. d5 Na5 8. b3 c5 9. Qc2 Bf5 10. Qb2 b5 11. cxb5 Nxd5 12. Bd2 Nxc3 13. Bxc3 Bxc3+ 14. Qxc3 Rb8 15. a4 a6 16. b4 cxb4 17. Qxb4 Nc6 18. Qc3 Na7 19. bxa6 Qb6 20. O-O Rfc8 21. Qd4 Qxa6 22. Qh4 Nc6 23. Ng5 h5 24. Bd5 Nd8 25. e4 Bg4 26. h3 Be2 27. Rfe1 e6 28. Ba2 Rb2 29. g4 Qd3 30. e5 dxe5 31. Bb1 Qd2 32. Be4 f5 33. Bf3 Bxf3 34. Nxf3 Qf4 35. Nxe5 g5 36. Qg3 Qxg3+ 37. fxg3 Rcc2 38. gxh5 Rg2+ 39. Kh1 Rh2+ 40. Kg1 Rbg2+ 41. Kf1 Rxg3 42. a5 f4 0-1

[Event "Late-Titled-Tuesday-Blitz-April-02-2024"]
[Site "Chess.com"]
[Date "2024.04.02"]
[Round "7"]
[White "Shankland"]
[Black "wild3000"]
[Result "1-0"]
[WhiteElo "2890"]
[BlackElo "2415"]
[TimeControl "180+1"]
[EndTime "15:16:18 PDT"]
[Termination "Shankland won by resignation"]

1. e4 a6 2. d4 e6 3. Bd3 b5 4. a4 b4 5. c4 bxc3 6. Nxc3 d6 7. Nf3 Be7 8. O-O Nf6 9. e5 Nfd7 10. Qe2 d5 11. h4 c5 12. dxc5 Nxc5 13. Be3 Nxd3 14. Qxd3 Nc6 15. Rac1 Bd7 16. Bg5 h6 17. Bxe7 Nxe7 18. Nd4 O-O 19. h5 Nc6 20. b3 Nxe5 21. Qe3 Qf6 22. f4 Nc6 23. Nce2 Nxd4 24. Nxd4 Rfc8 25.
g3 Rxc1 26. Rxc1 Rc8 27. Rxc8+ Bxc8 28. Kf2 Bd7 29. a5 g6 30. hxg6 fxg6 31. b4 g5 32. b5 Bxb5 33. Nxb5 Qb2+ 34. Qe2 Qf6 35. Nc7 Kf7 36. Qxa6 Qd4+ 37. Kg2 Qe4+ 38. Kh2 Qc2+ 39. Kh3 Qxc7 40. Qd3 Kf6 41. a6 gxf4 42. Qf3 Qa5 43. Qxf4+ Ke7 44. Qf1 d4 45. Qd3 e5 46. a7 Kd6 47.
Qg6+ Kd5 48. Qg8+ Ke4 49. a8=Q+ Qxa8 50. Qxa8+ Ke3 51. Kg2 d3 52. Qf3+ Kd2 53. Kf2 Kc2 54.
Ke3 d2 55. Qe2 1-0

[Event "Late-Titled-Tuesday-Blitz-April-02-2024"]
[Site "Chess.com"]
[Date "2024.04.02"]
[Round "7"]
[White "MasterSonnevanck23"]
[Black "Caracal3000"]
[Result "0-1"]
[WhiteElo "2406"]
[BlackElo "2547"]
[TimeControl "180+1"]
[EndTime "15:16:18 PDT"]
[Termination "Caracal3000 won on time"]

1. d4 d5 2. Nf3 Nf6 3. c4 e6 4. Nc3 Be7 5. Bf4 O-O 6. e3 Nbd7 7. a3 a6 8. c5 b6 9. cxb6 cxb6 10. h3 Bb7 11. Bd3 Ne4 12. O-O f5 13. Ne5 Nxe5 14.
Bxe5 Bd6 15. Bxd6 Qxd6 16. Rc1 Rac8 17. Nxe4 dxe4 18. Be2 b5 19. Qd2 e5 20. Rfd1 exd4 21. Qxd4 Qxd4 22. exd4 Bd5 23. Rc5 Rfd8 24. Rdc1 Be6 25.
b4 Kf7 26. Kf1 Ke7 27. d5 Rxc5 28. Rxc5 Rxd5 29. Rc6 Rd6 30. Rc7+ Kf6 31. Ke1 h6 32. g3 g5 33. Rh7 Kg6 34. Ra7 h5 35. Ra8 Bc4 36. Bd1 f4 37. gxf4 gxf4 38. Rh8 f3 39. Re8 Bd3 40. Ra8 Kf5 41. a4 Rg6 42. a5 Rg1+ 43.
Kd2 Rf1 44. Rxa6 Rxf2+ 45. Ke3 Rf1 46. Bb3 Re1+ 47. Kf2 Rf1+ 48. Ke3 f2 0-1

[Event "Late-Titled-Tuesday-Blitz-April-02-2024"]
[Site "Chess.com"]
[Date "2024.04.02"]
[Round "7"]
[White "Kazan28"]
[Black "DrVelja"]
[Result "1-0"]
[WhiteElo "2676"]
[BlackElo "2993"]
[TimeControl "180+1"]
[EndTime "15:16:19 PDT"]
[Termination "Kazan28 won on time"]

1. d4 Nf6 2. c4 e6 3. Nf3 d5 4. g3 Bb4+ 5. Bd2 Be7 6. Bg2 O-O 7.
O-O c6 8. Bc3 Ne4 9. Nbd2 Nxc3 10.
bxc3 b6 11. Ne5 Bb7 12. cxd5 cxd5 13. c4 Nd7 14. cxd5 Nxe5 15. d6 Bxg2 16. dxe7 Qxe7 17.
Kxg2 Nc6 18. Nf3 Rfd8 19. Qa4 Qb7 20. Rfd1 b5 21. Rab1 a6 22. Kg1 Rac8 23. Qb3 Na5 24. Qb4 Nc4 25. a4 Qe4 26. Kf1 a5 27. Qxb5 Na3 28.
Qb7 Qf5 29. Rbc1 Nc4 30. Qb5 Qxb5 31. axb5 a4 32. Ne5 Nd2+ 33. Kg2 Rxc1 34. Rxc1 Nb3 35.
Rc7 a3 36. b6 a2 37. b7 a1=Q 38. Rc8 Qxd4 39. b8=Q Qe4+ 40. Nf3 1-0

[Event "Late-Titled-Tuesday-Blitz-April-02-2024"]
[Site "Chess.com"]
[Date "2024.04.02"]
[Round "7"]
[White "Heliosis11"]
[Black "ozates"]
[Result "0-1"]
[WhiteElo "2411"]
[BlackElo "2563"]
[TimeControl "180+1"]
[EndTime "15:16:20 PDT"]
[Termination "ozates won on time"]

1. e4 c5 2. Nf3 Nc6 3. Bb5 g6 4. Bxc6 bxc6 5. O-O Bg7 6. Re1 Nh6 7. c3 O-O 8. d4 cxd4 9. cxd4 d5 10. e5 f6 11. Nc3 g5 12. Qa4 Bd7 13. e6 Be8 14. h3 Nf5 15. Qa3 Nd6 16. b3 h6 17. Na4 f5 18. Nc5 Ne4 19. Bb2 Bh5 20. Ne5 Bxe5 21.
dxe5 Qb6 22. Bd4 Qc7 23. Nd7 Rfe8 24. f3 Ng3 25. Bc5 f4 26. Bxe7 Nf5 27. Bd6 Qb7 28. Nf6+ Kg7 29. Nxe8+ Rxe8 30. Qc5 Rxe6 31. Rac1 Be8 32.
Qa5 Kg6 33. Qd8 Qa6 34. Bc5 Qxa2 35. Qc7 Qxb3 36. Qxa7 Kh5 37. Qa8 Nh4 38. Qa3 Qb5 39. Bd6 Bg6 40. Rc5 Qb6 41. Rc1 Nf5 42.
Qa5 Qb2 43. R5c2 Qd4+ 44. Kh2 Ng3 0-1

[Event "Late-Titled-Tuesday-Blitz-April-02-2024"]
[Site "Chess.com"]
[Date "2024.04.02"]
[Round "7"]
[White "ProfessorChess101"]
[Black "Inepton_Fermion"]
[Result "0-1"]
[WhiteElo "2752"]
[BlackElo "2474"]
[TimeControl "180+1"]
[EndTime "15:16:22 PDT"]
[Termination "Inepton_Fermion won by checkmate"]

1. e4 c5 2. Nc3 e6 3. Nf3 Nc6 4. d4 cxd4 5. Nxd4 Nf6 6. a3 Be7 7. Be2 O-O 8. O-O d5 9. Nxc6 bxc6 10. Bf3 d4 11. Ne2 e5 12. Ng3 Rb8 13. b3 c5 14.
Qd3 Qb6 15. Be2 a5 16. f4 Bd6 17. fxe5 Bxe5 18. Nf5 Qc7 19. g3 a4 20. Bf4 Bd7 21. Qf3 Bc6 22. Bd3 axb3 23. cxb3 Rxb3 24. Qe2 Bd7 25. Bc4 Rc3 26. Bd2 Rc2 27. Bd3 Rb2 28.
Rab1 Rxb1 29. Rxb1 Be6 30. Rc1 Rc8 31. Bg5 Bxf5 32.
exf5 h6 33. Bd2 Bd6 34. Bc4 Re8 35. Qg2 Qa7 36. Ra1 Ne4 37. Be1 Qa4 38. Qa2 Qd7 39. f6 Nxf6 40. a4 Re7 41. a5 Qh3 42. Bf2 Ng4 43. Be1 Ne3 44. Bd5 Qf1# 0-1

[Event "Late-Titled-Tuesday-Blitz-April-02-2024"]
[Site "Chess.com"]
[Date "2024.04.02"]
[Round "7"]
[White "Zq1"]
[Black "Mops_2004"]
[Result "0-1"]
[WhiteElo "2618"]
[BlackElo "2806"]
[TimeControl "180+1"]
[EndTime "15:16:25 PDT"]
[Termination "Mops_2004 won on time"]

1. d4 g6 2. e4 Bg7 3. c3 d6 4. Nf3 Nf6 5. Bd3 O-O 6. O-O Nc6 7. Re1 e5 8. d5 Ne7 9. c4 Nd7 10. Nc3 f5 11. Ng5 Nc5 12. b4 Nxd3 13. Qxd3 a5 14. bxa5 Rxa5 15. a4 fxe4 16. Ngxe4 Nf5 17. Bd2 h6 18. Nb5 Ra6 19. c5 dxc5 20. Qc4 Kh7 21. Nxc5 Raf6 22. Ne4 R6f7 23. Rac1 c6 24. dxc6 bxc6 25.
Qxc6 Bb7 26. Qc3 Qh4 27. f3 Nd4 28. Nxd4 exd4 29. Qd3 Qd8 30. a5 Bd5 31. Bb4 Re8 32.
Nd6 Rxe1+ 33. Rxe1 Rd7 34. Ne4 Qb8 35. Bd2 Bc6 36.
h3 Bb5 37. Qb3 Rd8 38. Nc5 Bc6 39. Qxb8 Rxb8 40. Ne4 d3 41. Kf2 Bd4+ 42. Be3 Rb2+ 43. Kg3 Be5+ 44. Bf4 Bg7 45. Rd1 Bb5 46. Be3 Be5+ 47.
Bf4 Bd4 0-1

[Event "Late-Titled-Tuesday-Blitz-April-02-2024"]
[Site "Chess.com"]
[Date "2024.04.02"]
[Round "7"]
[White "Kacparov"]
[Black "Rodalquilar"]
[Result "1-0"]
[WhiteElo "2937"]
[BlackElo "2746"]
[TimeControl "180+1"]
[EndTime "15:16:26 PDT"]
[Termination "Kacparov won on time"]

1. e4 d5 2. exd5 Qxd5 3. Nf3 Bg4 4. Be2 Nc6 5. d4 O-O-O 6. c4 Qf5 7. Be3 Bxf3 8.
Bxf3 Nxd4 9. Bxd4 Qe6+ 10. Be2 Qe4 11. Nc3 Qxd4 12. Qxd4 Rxd4 13. Nb5 Rd8 14. Nxa7+ Kb8 15.
Nb5 c6 16. Nc3 e6 17. Rd1 Rxd1+ 18. Kxd1 Bc5 19. Ne4 Bd4 20. Kc2 Ne7 21. Rd1 e5 22. Ng5 Ng6 23. g3 f6 24. Ne6 Bxf2 25. Nxg7 Bb6 26.
Rd7 e4 27. Nf5 Ne5 28. Rd6 Rf8 29. b4 Bc7 30. Rd4 Nf3 31. Rxe4 Nxh2 32. Rh4 Re8 33.
Kd1 Re5 34. Rh5 c5 35. a3 Bb6 36. g4 cxb4 37. axb4 Bg1 38. Rxh7 Re4 39. Rxb7+ Kxb7 40. Nd6+ Kc6 41. Nxe4 Be3 42. Nxf6 Bd4 43. Ne4 Kd7 44. Kc2 Ke6 45. Kd3 Ke5 46. c5 Bg1 47. b5 Kd5 48. b6 Bxc5 49. Nxc5 Kxc5 50. b7 Nxg4 51. Bxg4 Kd5 52. b8=Q Kc6 53. Qe5 Kb7 54. Kc4 Ka7 55. Kb5 Ka8 56. Qe7 Kb8 57. Kb6 1-0

[Event "Late-Titled-Tuesday-Blitz-April-02-2024"]
[Site "Chess.com"]
[Date "2024.04.02"]
[Round "7"]
[White "platy3"]
[Black "KaydenTroffChess"]
[Result "0-1"]
[WhiteElo "2937"]
[BlackElo "2859"]
[TimeControl "180+1"]
[EndTime "15:16:26 PDT"]
[Termination "KaydenTroffChess won on time"]

1. e4 c5 2. Nf3 g6 3. d4 cxd4 4. Nxd4 Bg7 5. c4 Qb6 6. Nb3 a5 7. Be3 Qb4+ 8. Bd2 Qd6 9. Nc3 a4 10. Nb5 Qc6 11. N3d4 Bxd4 12. Nxd4 Qxe4+ 13. Qe2 Qxe2+ 14. Bxe2 Nf6 15. Bh6 Rg8 16. h4 d6 17. O-O-O Bg4 18.
f3 Be6 19. Rhe1 Nc6 20. Nxe6 fxe6 21. Bf1 Kf7 22. Kb1 Rgc8 23. Be3 Ra5 24. g4 Nd7 25. f4 h5 26. Bd2 Rc5 27. Be3 hxg4 28. Bxc5 Nxc5 29. Be2 Rh8 30. Bxg4 Rxh4 31. Rg1 Kf6 32.
Rdf1 Na5 33. Be2 Rh2 34. Re1 Nc6 35. Rh1 Rg2 36. Bf3 Rf2 37. Rhf1 Rh2 38. Re2 Rh4 39. Bxc6 bxc6 40. Re3 Kf5 41. Rg3 Ne4 42. Rd3 Rxf4 43. Re1 g5 44. b4 axb3 45. axb3 g4 46. Kb2 g3 47. b4 Rf2+ 48. Kb3 Nd2+ 49. Kc3 Nf3 50.
Ree3 Kf4 51. Rxe6 g2 52. Rxe7 g1=Q 53. Rf7+ Kg4 54. Rdxf3 Rxf3+ 0-1

[Event "Late-Titled-Tuesday-Blitz-April-02-2024"]
[Site "Chess.com"]
[Date "2024.04.02"]
[Round "7"]
[White "maracayo"]
[Black "miraitrunks"]
[Result "1-0"]
[WhiteElo "2381"]
[BlackElo "2177"]
[TimeControl "180+1"]
[EndTime "15:16:26 PDT"]
[Termination "maracayo won by resignation"]

1. e4 c5 2. Nf3 d6 3. d3 Nf6 4. Nbd2 g6 5. Be2 Bg7 6. O-O O-O 7. h3 Nc6 8. c3 b5 9. Re1 b4 10. d4 bxc3 11. bxc3 cxd4 12. cxd4 d5 13. e5 Ne4 14. Bd3 Nxd2 15. Bxd2 Rb8 16. Rc1 Qb6 17. Qa4 Bd7 18.
Qa3 Nxd4 19. Nxd4 Qxd4 20. Be3 Qxe5 21. Bxa7 Qb2 22. Qxb2 Rxb2 23. Rxe7 Be6 24. a4 Ra8 25. Be3 Bf8 26. Ra7 Rxa7 27. Bxa7 Bb4 28. Bb5 Bd6 29. Bd4 Ra2 30. g4 f5 31. Rc6 Rd2 32. Rxd6 Rxd4 33. Rxe6 fxg4 34. hxg4 Rxg4+ 35. Kf1 Rb4 36. Rd6 d4 37.
Rd7 Rb2 38. Rxd4 Kf7 39. Bc4+ Kf6 40. a5 Ke5 41. Rd7 h5 42. a6 Rb4 43. a7 Ra4 44.
Bd5 1-0

[Event "Late-Titled-Tuesday-Blitz-April-02-2024"]
[Site "Chess.com"]
[Date "2024.04.02"]
[Round "7"]
[White "GMBenjaminBok"]
[Black "Aygehovit1992"]
[Result "1-0"]
[WhiteElo "3018"]
[BlackElo "2869"]
[TimeControl "180+1"]
[EndTime "15:16:27 PDT"]
[Termination "GMBenjaminBok won by resignation"]

1. d4 Nf6 2. c4 g6 3. g3 Bg7 4. Bg2 d6 5. Nc3 O-O 6. Nf3 c6 7. e4 Bg4 8. h3 Bxf3 9. Bxf3 e5 10. d5 Na6 11. Be3 h5 12. g4 h4 13. g5 Nh7 14.
Qd2 Re8 15. O-O-O Bf8 16. Rhg1 Be7 17. Kb1 Nc7 18. Rg4 cxd5 19. exd5 Rc8 20. Ne4 Na6 21. Be2 b6 22. Rxh4 Nc5 23. Bxc5 bxc5 24. Rg4 Rb8 25. h4 Rb4 26. Rg3 Qb6 27. a3 Rb3 28. Rxb3 Qxb3 29.
Qc3 Qxc3 30. Nxc3 Rb8 31. Kc2 Kg7 32. Rg1 Nf8 33. Ne4 Nd7 34. h5 gxh5 35. Bxh5 Rh8 36. Bg4 Nb6 37. b3 Rh2 38. Bf3 a5 39. Rh1 Rxh1 40.
Bxh1 Kg6 41. Bg2 Kf5 42. Kd3 Kf4 43. Bh3 Bxg5 44. Nxd6 a4 45. bxa4 Nxa4 46. Nxf7 e4+ 47. Kc2 Nb6 48. Nxg5 Kxg5 49. Kb3 Kf6 50. a4 Ke5 51. a5 Na8 52. a6 Kd6 53. Bc8 Kc7 54.
Bb7 Nb6 55. d6+ Kb8 56. Bc6 Ka7 57. d7 e3 58. fxe3 1-0

[Event "Late-Titled-Tuesday-Blitz-April-02-2024"]
[Site "Chess.com"]
[Date "2024.04.02"]
[Round "7"]
[White "ChessSwole"]
[Black "mightysmasher"]
[Result "1-0"]
[WhiteElo "2701"]
[BlackElo "2578"]
[TimeControl "180+1"]
[EndTime "15:16:27 PDT"]
[Termination "ChessSwole won by checkmate"]

1. d4 d5 2. c4 e6 3. Nf3 Nf6 4. Nc3 Be7 5. Bf4 O-O 6. e3 c6 7.
Rc1 Nbd7 8. Bd3 dxc4 9. Bxc4 Nb6 10. Bd3 Nbd5 11. Be5 Bd6 12. O-O Bxe5 13. dxe5 Nd7 14. Ne4 h6 15. Bb1 Re8 16. Nd6 Re7 17. Qd3 Nf8 18. Rfd1 Rd7 19. a3 Ne7 20. Qc4 Neg6 21. Qb4 b6 22. Be4 Bb7 23. Bxc6 Bxc6 24. Rxc6 Rb8 25.
Rdc1 a5 26. Qb5 Ne7 27. R6c2 Neg6 28. h3 Nxe5 29. Nxe5 Rxd6 30. Nc6 Qd7 31. Qe5 Re8 32. Nd4 Rd5 33. Qe4 Qe7 34. Rc7 Qf6 35. Rb7 Nd7 36.
Qc2 Rc5 37. Qb1 Rd5 38. Rcc7 Ne5 39. Rxb6 Red8 40. Rbb7 h5 41. Qe4 g6 42. f4 Nd7 43.
Nf3 Nc5 44. Rxc5 Rxc5 45. Ne5 Rf8 46. Nd7 Rc1+ 47. Kh2 Qh4 48. Nxf8 Kxf8 49. Qe5 Qe1 50. Qh8# 1-0

[Event "Late-Titled-Tuesday-Blitz-April-02-2024"]
[Site "Chess.com"]
[Date "2024.04.02"]
[Round "7"]
[White "Tugrik1969"]
[Black "MarceloPlaya"]
[Result "1-0"]
[WhiteElo "2554"]
[BlackElo "2405"]
[TimeControl "180+1"]
[EndTime "15:16:28 PDT"]
[Termination "Tugrik1969 won on time"]

1. d4 e6 2. c4 Nf6 3. Nf3 Bb4+ 4. Bd2 Bxd2+ 5. Qxd2 O-O 6. g3 d5 7. Bg2 Qe7 8. O-O Rd8 9. Qc2 Nc6 10. cxd5 exd5 11.
Nc3 g6 12. Rac1 Bf5 13. Qd2 Ne4 14. Qh6 Rac8 15. e3 Qf8 16. Qxf8+ Kxf8 17. a3 a6 18. Nh4 Nxc3 19. Rxc3 Ne7 20. Rfc1 c6 21. Nxf5 Nxf5 22. Bh3 Rc7 23. Bxf5 gxf5 24. Kg2 Ke7 25. Kf3 Kf6 26. b4 h5 27. a4 Re7 28. b5 axb5 29. axb5 cxb5 30. Rb1 h4 31. Rxb5 hxg3 32. hxg3 Rdd7 33.
Rcc5 Ke6 34. Kf4 Rd6 35. Rc8 Kf6 36. Rb8 Re4+ 37. Kf3 Re7 38. Kf4 Re4+ 39. Kf3 Re7 40. R8xb7 Rxb7 41. Rxb7 Ra6 42. Rd7 Ke6 43. Rd8 Ra2 44.
Re8+ Kf6 45. Re5 Ra5 46. Kf4 Kg6 47. Rxf5 Ra2 48. f3 Rf2 49. g4 f6 50. Rxd5 1-0

[Event "Late-Titled-Tuesday-Blitz-April-02-2024"]
[Site "Chess.com"]
[Date "2024.04.02"]
[Round "7"]
[White "Kavyev_Ruslan"]
[Black "rikchessmx"]
[Result "1-0"]
[WhiteElo "2403"]
[BlackElo "2240"]
[TimeControl "180+1"]
[EndTime "15:16:30 PDT"]
[Termination "Kavyev_Ruslan won by checkmate"]

1. d4 Nf6 2. Nf3 e6 3. g3 d5 4. c4 c6 5. Qd3 Nbd7 6. Nc3 Be7 7.
Bg2 O-O 8. O-O Re8 9. e4 dxe4 10. Nxe4 Nxe4 11. Qxe4 c5 12. Rd1 cxd4 13. Nxd4 Nc5 14.
Qe2 Qb6 15. Bf4 Bf6 16. Nb5 e5 17. Be3 Be6 18. Rd6 Qa5 19. Bxc5 a6 20. b4 Qa4 21. Nc7 e4 22. Nxa8 Bxa1 23. Nc7 b6 24. Rxb6 Rd8 25. Bxe4 Bh3 26. Nd5 a5 27. Bc2 Qa3 28. Bb3 a4 29.
Ra6 Qc1+ 30. Qd1 Qg5 31. Rxa4 h5 32. Ne7+ Qxe7 33. Bxe7 Rxd1+ 34. Bxd1 Bc3 35. b5 Bd7 36. Bb3 Kh7 37. Bb4 Bd4 38. Kf1 Bh3+ 39. Ke1 Kg6 40. Bd2 f5 41. Bc2 Kf6 42. Bd3 Ke5 43. Ra6 g5 44.
Rg6 f4 45. Rxg5+ Kd6 46. Bxf4+ Kd7 47. Rxh5 Bg4 48. Bf5+ Bxf5 49. Rxf5 Ke6 50. Re5+ Bxe5 51. Bxe5 Kxe5 52. f4+ Kd4 53. Kf2 Kxc4 54. Kf3 Kxb5 55. g4 Kc6 56. g5 Kd7 57. h4 Ke6 58. h5 Kf5 59. Kg3 Ke6 60. Kg4 Kf7 61. a4 Ke6 62. a5 Kd5 63. a6 Kc6 64. a7 Kb6 65. h6 Kxa7 66. h7 Kb7 67. h8=Q Kc7 68. Qf6 Kd7 69. g6 Kc7 70. g7 Kb7 71. g8=Q Ka7 72. Qge6 Kb7 73.
Qfe7+ Kb8 74. Qg8# 1-0

[Event "Late-Titled-Tuesday-Blitz-April-02-2024"]
[Site "Chess.com"]
[Date "2024.04.02"]
[Round "7"]
[White "LiemLe"]
[Black "Zhigalko_Sergei"]
[Result "1-0"]
[WhiteElo "3037"]
[BlackElo "2878"]
[TimeControl "180+1"]
[EndTime "15:16:31 PDT"]
[Termination "LiemLe won on time"]

1. Nf3 d5 2. e3 Nf6 3. c4 e6 4. b3 Bd6 5. Bb2 O-O 6. Nc3 b6 7. cxd5 exd5 8. Nb5 Be7 9. Be5 Na6 10. a3 c5 11. Be2 Bb7 12. O-O Re8 13. Rc1 Qd7 14. d4 Ne4 15. h3 Bf8 16. Bh2 Qe6 17. Nd2 Nd6 18. Bg4 Qg6 19. Nc3 cxd4 20. exd4 Ne4 21. b4 Bd6 22. Bxd6 Qxd6 23. Nb5 Qf6 24. Nxe4 dxe4 25.
d5 Rad8 26. d6 Re5 27. Qe2 g6 28. Qc4 h5 29. Be2 Bd5 30. Qd4 Be6 31. Nxa7 Qg5 32. Rc3 Nb8 33. Rg3 Qf6 34. Rc1 Bf5 35. Nc6 Rxd6 36.
Qxe5 Nxc6 37. Qxf6 Rxf6 38. Rgc3 Nd4 39. Bf1 Rd6 40.
Kh2 Be6 41. Kh1 Nb3 42. Re1 Rd2 43. Kg1 Ra2 44. Bc4 Bxc4 45. Rxc4 Nd2 46. Rc3 b5 47. h4 Kg7 48. Rc5 1-0

[Event "Late-Titled-Tuesday-Blitz-April-02-2024"]
[Site "Chess.com"]
[Date "2024.04.02"]
[Round "7"]
[White "Njal28"]
[Black "Eagle_2019"]
[Result "1-0"]
[WhiteElo "3053"]
[BlackElo "2862"]
[TimeControl "180+1"]
[EndTime "15:16:31 PDT"]
[Termination "Njal28 won by checkmate"]

1. e4 c6 2. d4 d5 3. e5 c5 4. Nf3 Nc6 5. dxc5 e6 6. Be3 Nge7 7. c3 Nf5 8. Bd4 Bd7 9. Bd3 Nfxd4 10. cxd4 b6 11.
O-O bxc5 12. dxc5 Bxc5 13. Nbd2 O-O 14. Rc1 Bb6 15. Nb3 Rc8 16. h4 h6 17. Bb1 Ne7 18.
Qd3 g6 19. h5 Kg7 20. Nbd4 Nf5 21. Rxc8 Qxc8 22. hxg6 fxg6 23. Nxf5+ gxf5 24. Nh4 Qd8 25. Qh3 Qg5 26. Kh1 Bb5 27. f4 Qg4 28. Rf3 Be2 29.
Rg3 Rc8 30. Rxg4+ fxg4 31. Qa3 Bc5 32. Qc3 d4 33. Qb3 Bb6 34. Qxe6 Rc1+ 35. Kh2 Rxb1 36. Qg6+ Kf8 37. Qxb1 d3 38. Qc1 Bf2 39. Nf5 Kf7 40. Qc7+ Ke6 41. Ng7+ Kd5 42. Qd6+ Ke4 43. e6 Be3 44. g3 Kf3 45. Qd5+ Kf2 46. Nf5 Bd2 47.
e7 Be1 48. Qd4+ Kf1 49. Ne3+ Kf2 50. Ng2+ Kf3 51. Nxe1# 1-0

[Event "Late-Titled-Tuesday-Blitz-April-02-2024"]
[Site "Chess.com"]
[Date "2024.04.02"]
[Round "7"]
[White "guillembaches"]
[Black "Iball95"]
[Result "0-1"]
[WhiteElo "2589"]
[BlackElo "2917"]
[TimeControl "180+1"]
[EndTime "15:16:31 PDT"]
[Termination "Iball95 won on time"]

1. d4 d5 2. Nf3 Nf6 3. c4 e6 4.
cxd5 exd5 5. Qc2 c6 6. Nc3 g6 7.
h3 Bf5 8. Qd1 Ne4 9. Qb3 Qb6 10.
Qxb6 axb6 11. Nxe4 Bxe4 12. Bf4 Na6 13. a3 Nb4 14. Rc1 Nc2+ 15. Kd2 Bxf3 16. Rxc2 Be4 17.
Rc1 b5 18. f3 Bf5 19. g4 Be6 20. e3 b4 21. axb4 Bxb4+ 22. Kc2 h5 23. Bd3 Kd7 24. g5 h4 25. Be5 Rhc8 26. Ra1 Bd6 27. Bf6 b6 28. f4 c5 29. Bb5+ Kc7 30. Kd2 Kb7 31. Be5 Be7 32. dxc5 bxc5 33. Be2 c4 34. Bg4 Rxa1 35.
Rxa1 Bxg4 36. hxg4 Bb4+ 37. Kc2 Bc5 38. Kd2 Bb4+ 39. Kc2 Bc5 40. Kd2 Rd8 41. Rh1 d4 42. e4 Bb4+ 43. Kc2 d3+ 44. Kd1 Ra8 0-1